| TOP OF THE 1ST |
|
Johnson City Soilders batting - Pitching for Pulaski Counts : RHP Christopher Edwards
|
|
Pitching: RHP Christopher Edwards
|
|
|
Batting: RHB Rich Amaral
|
0-0: Swinging Strike 0-1: Fly out, F7 (Flyball, 7S, EV 81.3 MPH)
|
|
Batting: RHB Alejandro Sanchez
|
0-0: Called Strike 0-1: Ball 1-1: Swinging Strike 1-2: Foul Ball, location: 2F 1-2: Strikes out swinging
|
|
Batting: RHB Keith Mucha
|
0-0: Ball 1-0: Foul Ball, location: 2F 1-1: Foul Ball, location: 2F 1-2: Ball 2-2: Ball 3-2: Ground out 5-3 (Groundball, 56, EV 100.0 MPH)
|
| Top of the 1st over - 0 runs, 0 hits, 0 errors, 0 left on base; Johnson City 0 - Pulaski 0 |
| BOTTOM OF THE 1ST |
|
Pulaski Counts batting - Pitching for Johnson City Soilders : RHP Bill Fulton
|
|
Pitching: RHP Bill Fulton
|
|
|
Batting: RHB Eric Jones
|
0-0: Called Strike 0-1: SINGLE (Line Drive, 6M, EV 106.9 MPH)
|
|
Batting: RHB Brett Benza
|
0-0: Ball 1-0: Foul Ball, location: 2F 1-1: Ball 2-1: SINGLE (Line Drive, 8LS, EV 98.8 MPH) Eric Jones to second Runner from 2nd tries for 3rd, SAFE, throw by CF made to third
|
|
Batting: RHB John DiGioia
|
0-0: Foul Ball, location: 2F 0-1: Ball 1-1: Ball 2-1: Foul Ball, location: 2F 2-2: Grounds into double play, 6-4-3 (Groundball, 6, EV 111.9 MPH) Eric Jones scores
|
|
Batting: SHB Steve Walker
|
0-0: Foul Ball, location: 2F 0-1: Ball 1-1: Reached on error, E6 (Groundball, 6, EV 87.5 MPH)
|
|
Batting: LHB Jon Zureich
|
0-0: Foul Ball, location: 2F 0-1: Ball 1-1: 2-RUN HOME RUN (Flyball, 89XD, EV 95.0 MPH), Distance : 384 ft
|
|
Batting: RHB Elias Guzman
|
0-0: SINGLE (Groundball, 6MD, EV 102.5 MPH)
|
|
Batting: RHB Dario Vasquez
|
0-0: Ball Elias Guzman steals 2nd base 1-0: Foul Ball, location: 2F 1-1: Ball 2-1: Called Strike 2-2: Fly out, F4 (Popup, 4S, EV 78.1 MPH)
|
| Bottom of the 1st over - 3 runs, 4 hits, 1 error, 1 left on base; Johnson City 0 - Pulaski 3 |
| TOP OF THE 2ND |
|
Johnson City Soilders batting - Pitching for Pulaski Counts : RHP Christopher Edwards
|
|
Batting: SHB Kevin Walters
|
0-0: Ball 1-0: Called Strike 1-1: Called Strike 1-2: Fly out, F9 (Flyball, 9LD, EV 109.4 MPH)
|
|
Batting: RHB Willie Lopez
|
0-0: SINGLE (Groundball, 34D, EV 97.5 MPH)
|
|
Batting: RHB Juan Pacho
|
0-0: Fly out, F4 (Popup, 3D, EV 62.5 MPH)
|
|
Batting: LHB Steve Moses
|
0-0: Swinging Strike 0-1: Ball 1-1: Foul Ball, location: 2F 1-2: Ground out 4-3 (Groundball, 4, EV 84.4 MPH)
|
| Top of the 2nd over - 0 runs, 1 hit, 0 errors, 1 left on base; Johnson City 0 - Pulaski 3 |
| BOTTOM OF THE 2ND |
|
Pulaski Counts batting - Pitching for Johnson City Soilders : RHP Bill Fulton
|
|
Batting: RHB Darrell Baugh
|
0-0: Ball 1-0: Fly out, F8 (Flyball, 8RS, EV 91.3 MPH)
|
|
Batting: RHB Edwin Marquez
|
0-0: Called Strike 0-1: Swinging Strike 0-2: Ball 1-2: DOUBLE (Line Drive, 78D, EV 100.6 MPH)
|
|
Batting: RHB Eric Jones
|
0-0: Ball 1-0: Ball 2-0: Called Strike 2-1: Ball 3-1: Foul Ball, location: 2F 3-2: Fly out, F7 (Line Drive, 7, EV 105.6 MPH)
|
|
Batting: RHB Brett Benza
|
0-0: Ball 1-0: Ground out 6-3 (Groundball, 6, EV 85.6 MPH)
|
| Bottom of the 2nd over - 0 runs, 1 hit, 0 errors, 1 left on base; Johnson City 0 - Pulaski 3 |
| TOP OF THE 3RD |
|
Johnson City Soilders batting - Pitching for Pulaski Counts : RHP Christopher Edwards
|
|
Batting: RHB Victor Gonzalez
|
0-0: Ball 1-0: Ball 2-0: Foul Ball, location: 2F 2-1: Foul Ball, location: 2F 2-2: Strikes out swinging
|
|
Batting: SHB Victor Hernandez
|
0-0: Ball 1-0: Foul Ball, location: 2F 1-1: Ball 2-1: Called Strike 2-2: Fly out, F3 (Flyball, 34D, EV 79.4 MPH)
|
|
Batting: RHB Rich Amaral
|
0-0: Foul Ball, location: 2F 0-1: Ball 1-1: Called Strike 1-2: SINGLE (Line Drive, 8LS, EV 105.6 MPH)
|
|
Batting: RHB Alejandro Sanchez
|
0-0: Called Strike 0-1: Fly out, F4 (Popup, 4, EV 78.8 MPH)
|
| Top of the 3rd over - 0 runs, 1 hit, 0 errors, 1 left on base; Johnson City 0 - Pulaski 3 |
| BOTTOM OF THE 3RD |
|
Pulaski Counts batting - Pitching for Johnson City Soilders : RHP Bill Fulton
|
|
Batting: RHB John DiGioia
|
0-0: Ball 1-0: SINGLE (Flyball, 34D, EV 86.3 MPH)
|
|
Batting: SHB Steve Walker
|
0-0: Ball 1-0: SINGLE (Groundball, 3D, EV 97.5 MPH) John DiGioia to second Runner from 2nd tries for 3rd, SAFE, no throw by RF
|
|
Batting: LHB Jon Zureich
|
0-0: Called Strike Steve Walker steals 2nd base 0-1: Called Strike 0-2: Ball 1-2: Ball 2-2: Strikes out looking
|
|
Batting: RHB Elias Guzman
|
0-0: Ball 1-0: Ball 2-0: Ball 3-0: Called Strike 3-1: Base on Balls
|
|
Batting: RHB Dario Vasquez
|
0-0: Ball 1-0: Called Strike 1-1: Ball 2-1: Ball 3-1: Called Strike 3-2: Base on Balls John DiGioia scores Steve Walker to third Elias Guzman to second
|
|
Batting: RHB Darrell Baugh
|
0-0: Ball 1-0: Ball 2-0: Called Strike 2-1: Fly out, F7 (Line Drive, 7, EV 104.4 MPH) Runner from 3rd tags up, SCORES, throw by LF
|
|
Batting: RHB Edwin Marquez
|
0-0: Fly out, F8 (Line Drive, 8RM, EV 106.3 MPH)
|
| Bottom of the 3rd over - 2 runs, 2 hits, 0 errors, 2 left on base; Johnson City 0 - Pulaski 5 |
| TOP OF THE 4TH |
|
Johnson City Soilders batting - Pitching for Pulaski Counts : RHP Christopher Edwards
|
|
Batting: RHB Keith Mucha
|
0-0: Foul Ball, location: 2F 0-1: Swinging Strike 0-2: Foul Ball, location: 2F 0-2: Foul Ball, location: 2F 0-2: Fly out, F8 (Flyball, 8LXD, EV 104.4 MPH)
|
|
Batting: SHB Kevin Walters
|
0-0: Foul Ball, location: 2F 0-1: Ball 1-1: Called Strike 1-2: Ball 2-2: Strikes out swinging
|
|
Batting: RHB Willie Lopez
|
0-0: Called Strike 0-1: Ball 1-1: Foul Ball, location: 2F 1-2: SINGLE (Groundball, 5D, EV 104.4 MPH)
|
|
Batting: RHB Juan Pacho
|
0-0: Fly out, F4 (Flyball, 34D, EV 96.3 MPH)
|
| Top of the 4th over - 0 runs, 1 hit, 0 errors, 1 left on base; Johnson City 0 - Pulaski 5 |
| BOTTOM OF THE 4TH |
|
Pulaski Counts batting - Pitching for Johnson City Soilders : RHP Bill Fulton
|
|
Batting: RHB Eric Jones
|
0-0: Ball 1-0: Called Strike 1-1: Ball 2-1: Called Strike 2-2: Ball 3-2: Strikes out swinging
|
|
Batting: RHB Brett Benza
|
0-0: Ball 1-0: Foul Ball, location: 2F 1-1: Called Strike 1-2: Foul Ball, location: 2F 1-2: Foul Ball, location: 2F 1-2: Fly out, F8 (Flyball, 8LS, EV 95.6 MPH)
|
|
Batting: RHB John DiGioia
|
0-0: Ball 1-0: Swinging Strike 1-1: Ball 2-1: Foul Ball, location: 2F 2-2: Foul Ball, location: 2F 2-2: Ground out U3 (Groundball, 3, EV 109.4 MPH)
|
| Bottom of the 4th over - 0 runs, 0 hits, 0 errors, 0 left on base; Johnson City 0 - Pulaski 5 |
| TOP OF THE 5TH |
|
Johnson City Soilders batting - Pitching for Pulaski Counts : RHP Christopher Edwards
|
|
Batting: LHB Steve Moses
|
0-0: Ball 1-0: Ball 2-0: Fly out, F7 (Flyball, 7S, EV 94.4 MPH)
|
|
Batting: RHB Victor Gonzalez
|
0-0: Ground out 5-3 (Groundball, 56, EV 82.5 MPH)
|
|
Batting: SHB Victor Hernandez
|
0-0: Called Strike 0-1: Fly out, F8 (Line Drive, 8RD, EV 100.0 MPH)
|
| Top of the 5th over - 0 runs, 0 hits, 0 errors, 0 left on base; Johnson City 0 - Pulaski 5 |
| BOTTOM OF THE 5TH |
|
Pulaski Counts batting - Pitching for Johnson City Soilders : RHP Bill Fulton
|
|
Batting: SHB Steve Walker
|
0-0: Ball 1-0: Ball 2-0: Foul Ball, location: 2F 2-1: Ball 3-1: Ground out 6-3 (Groundball, 6, EV 87.5 MPH)
|
|
Batting: LHB Jon Zureich
|
0-0: Ball 1-0: Ground out 6-3 (Groundball, 6M, EV 91.3 MPH)
|
|
Batting: RHB Elias Guzman
|
0-0: Called Strike 0-1: Called Strike 0-2: Ball 1-2: Strikes out swinging
|
| Bottom of the 5th over - 0 runs, 0 hits, 0 errors, 0 left on base; Johnson City 0 - Pulaski 5 |
| TOP OF THE 6TH |
|
Johnson City Soilders batting - Pitching for Pulaski Counts : RHP Christopher Edwards
|
|
Batting: RHB Rich Amaral
|
0-0: Ball 1-0: Ball 2-0: Called Strike 2-1: Swinging Strike 2-2: Ball 3-2: Foul Ball, location: 2F 3-2: Fly out, F8 (Flyball, 8RS, EV 96.3 MPH)
|
|
Batting: RHB Alejandro Sanchez
|
0-0: Called Strike 0-1: Swinging Strike 0-2: Ball 1-2: Ground out 4-3 (Groundball, 4M, EV 86.9 MPH)
|
|
Batting: RHB Keith Mucha
|
0-0: Ball 1-0: Ball 2-0: Foul Ball, location: 2F 2-1: Called Strike 2-2: SINGLE (Groundball, 3D, EV 94.4 MPH)
|
|
Batting: SHB Kevin Walters
|
0-0: Ball 1-0: Called Strike 1-1: Foul Ball, location: 2F 1-2: Fly out, F8 (Flyball, 78D, EV 81.9 MPH)
|
| Top of the 6th over - 0 runs, 1 hit, 0 errors, 1 left on base; Johnson City 0 - Pulaski 5 |
| BOTTOM OF THE 6TH |
|
Pulaski Counts batting - Pitching for Johnson City Soilders : RHP Bill Fulton
|
|
Batting: RHB Dario Vasquez
|
0-0: Ball 1-0: Ball 2-0: Foul Ball, location: 2F 2-1: Foul Ball, location: 2F 2-2: Foul Ball, location: 2F 2-2: Ball 3-2: Strikes out looking
|
|
Batting: RHB Darrell Baugh
|
0-0: Fly out, F9 (Flyball, 9S, EV 91.9 MPH)
|
|
Batting: RHB Edwin Marquez
|
0-0: Foul Ball, location: 2F 0-1: Swinging Strike 0-2: Ball 1-2: Foul Ball, location: 2F 1-2: Ball 2-2: Ball 3-2: Fly out, F9 (Flyball, 9LD, EV 95.0 MPH)
|
| Bottom of the 6th over - 0 runs, 0 hits, 0 errors, 0 left on base; Johnson City 0 - Pulaski 5 |
| TOP OF THE 7TH |
|
Johnson City Soilders batting - Pitching for Pulaski Counts : RHP Christopher Edwards
|
|
Batting: RHB Willie Lopez
|
0-0: Fly out, F4 (Line Drive, 4, EV 71.3 MPH)
|
|
Batting: RHB Juan Pacho
|
0-0: Ball 1-0: Foul Ball, location: 2F 1-1: Called Strike 1-2: Foul Ball, location: 2F 1-2: Foul Ball, location: 2F 1-2: Strikes out swinging
|
|
Batting: LHB Steve Moses
|
0-0: Ground out 4-3 (Groundball, 4, EV 93.8 MPH)
|
| Top of the 7th over - 0 runs, 0 hits, 0 errors, 0 left on base; Johnson City 0 - Pulaski 5 |
| BOTTOM OF THE 7TH |
|
Pulaski Counts batting - Pitching for Johnson City Soilders : RHP Bill Fulton
|
|
Pitching: LHP Bob Gunnarsson
|
|
|
Batting: RHB Eric Jones
|
0-0: Ball 1-0: Ball 2-0: Ball 3-0: Called Strike 3-1: Foul Ball, location: 2F 3-2: Foul Ball, location: 2F 3-2: Base on Balls
|
|
Batting: RHB Brett Benza
|
0-0: Ball 1-0: Fly out, F7 (Flyball, 7, EV 93.1 MPH)
|
|
Batting: RHB John DiGioia
|
0-0: Called Strike 0-1: Ball 1-1: Ball 2-1: Ball 3-1: Base on Balls Eric Jones to second
|
|
Batting: SHB Steve Walker
|
0-0: Ball 1-0: Swinging Strike 1-1: Ball Eric Jones steals 3rd base John DiGioia to second 2-1: Ball 3-1: Ground out 5-3 (Groundball, 56, EV 86.3 MPH) Eric Jones scores
|
|
Batting: LHB Jon Zureich
|
0-0: Called Strike 0-1: Ball 1-1: Swinging Strike 1-2: Ball 2-2: Strikes out swinging
|
| Bottom of the 7th over - 1 run, 0 hits, 0 errors, 1 left on base; Johnson City 0 - Pulaski 6 |
| TOP OF THE 8TH |
|
Johnson City Soilders batting - Pitching for Pulaski Counts : RHP Christopher Edwards
|
|
Batting: RHB Victor Gonzalez
|
0-0: Ball 1-0: Called Strike 1-1: Ground out 3-1 (Groundball, 34S, EV 93.8 MPH)
|
|
Batting: SHB Victor Hernandez
|
0-0: Called Strike 0-1: Swinging Strike 0-2: Strikes out swinging
|
|
Batting: RHB Rich Amaral
|
0-0: Ball 1-0: Ball 2-0: Foul Ball, location: 2F 2-1: Called Strike 2-2: Foul Ball, location: 2F 2-2: Strikes out swinging
|
| Top of the 8th over - 0 runs, 0 hits, 0 errors, 0 left on base; Johnson City 0 - Pulaski 6 |
| BOTTOM OF THE 8TH |
|
Pulaski Counts batting - Pitching for Johnson City Soilders : LHP Bob Gunnarsson
|
|
Batting: RHB Elias Guzman
|
0-0: Foul Ball, location: 2F 0-1: Ball 1-1: Ground out 6-3 (Groundball, 6, EV 83.1 MPH)
|
|
Batting: RHB Dario Vasquez
|
0-0: Called Strike 0-1: Swinging Strike 0-2: Strikes out swinging
|
|
Batting: RHB Darrell Baugh
|
0-0: Fly out, F6 (Popup, 6M, EV 72.5 MPH)
|
| Bottom of the 8th over - 0 runs, 0 hits, 0 errors, 0 left on base; Johnson City 0 - Pulaski 6 |
| TOP OF THE 9TH |
|
Johnson City Soilders batting - Pitching for Pulaski Counts : RHP Christopher Edwards
|
|
Batting: RHB Alejandro Sanchez
|
0-0: Called Strike 0-1: Swinging Strike 0-2: Ball 1-2: Strikes out looking
|
|
Batting: RHB Keith Mucha
|
0-0: Foul Ball, location: 2F 0-1: DOUBLE (Flyball, 8LXD, EV 99.4 MPH)
|
|
Batting: SHB Kevin Walters
|
0-0: Ball 1-0: Swinging Strike 1-1: Swinging Strike 1-2: Ball 2-2: Strikes out swinging
|
|
Batting: RHB Willie Lopez
|
0-0: Called Strike 0-1: Ball 1-1: Called Strike 1-2: Foul Ball, location: 2F 1-2: Strikes out swinging
|
| Top of the 9th over - 0 runs, 1 hit, 0 errors, 1 left on base; Johnson City 0 - Pulaski 6 |
|